 Dungeon Crawl Stone Soup version 0.18-b1-18-g7758cf2 (webtiles) character file.

1773 manyhoops the Chopper (level 8, -1/64 HPs)
             Began as a Demonspawn Gladiator on May 2, 2016.
             Was a Believer of Makhleb.
             Slain by a killer bee (2 damage)
             ... on level 7 of the Dungeon.
             The game lasted 00:10:54 (6278 turns).

manyhoops the Chopper (Demonspawn Gladiator)        Turns: 6278, Time: 00:10:55

Health: -1/64      AC: 21    Str: 14    XL:     8   Next: 80%
Magic:  20/20      EV:  8    Int: 15    God:    Makhleb [**....]
Gold:   364        SH:  0    Dex: 12    Spells: 0 memorised, 7 levels left

rFire  . . .     SeeInvis .     a - +0 war axe
rCold  . . .     Gourm    .     B - +5 scale mail "Faunui" {Regen+ MP+9 Str-4 Int+5}
rNeg   . . .     Faith    .     (no shield)
rPois  .         Spirit   .     c - +0 helmet
rElec  .         Dismiss  .     z - +2 cloak
rCorr  +         Reflect  .     h - +1 pair of gloves {archery}
SustAt .         Harm     .     (no boots)
MR     .....                    (no amulet)
Stlth  +.........               (no ring)
                                w - ring of resist corrosion

@: lethally poisoned (-1 -> -19), very heavily drained, not resistant to hostile
enchantments, very unstealthy
A: talons 2, rough black scales 1, demonic guardian 1, nightstalker 1
a: Minor Destruction, Renounce Religion


You were on level 7 of the Dungeon.
You worshipped Makhleb.
Makhleb was pleased with you.
You were not hungry.

You visited 1 branch of the dungeon, and saw 7 of its levels.

You collected 364 gold pieces.

Inventory:

Hand Weapons
 a - a +0 war axe (weapon)
 u - a +0 trident of freezing
 J - a +3 mace
 N - a cursed +1 morningstar of draining
Missiles
 d - 4 throwing nets (quivered)
Armour
 c - a +0 helmet (worn)
 h - a +1 pair of gloves of archery (worn)
 q - a +0 scale mail
 z - a +2 cloak (worn)
 B - the +5 scale mail "Faunui" (worn) {Regen+ MP+9 Str-4 Int+5}
   (You found it on level 5 of the Dungeon)

   It affects your strength (-4).
   It affects your intelligence (+5).
   It affects your magic capacity (+9).
   It increases your rate of regeneration.
Magical Staves
 G - an uncursed staff of earth {unknown}
Jewellery
 w - a ring of resist corrosion (left hand)
 I - a cursed ring of teleportation {unknown}
 L - an uncursed ring of wizardry {unknown}
 O - an uncursed ring of fire {unknown}
Scrolls
 e - 3 scrolls of enchant armour {unknown}
 n - 3 scrolls of noise {unknown}
 r - 2 scrolls of blinking {unknown}
 s - 2 scrolls of teleportation {unknown}
 v - a scroll of recharging {unknown}
 x - a scroll of magic mapping {unknown}
 y - 2 scrolls of amnesia {unknown}
 D - a scroll of fog {unknown}
 F - 2 scrolls of identify
 H - 2 scrolls of remove curse
Potions
 i - a potion of heal wounds
 k - 2 potions of agility
 l - 2 potions of might
 m - a potion of mutation {unknown}
 o - a potion of ambrosia {unknown}
 p - 2 potions of curing {unknown}
 t - a potion of flight {unknown}
 A - a potion of magic {unknown}
 M - a potion of lignification {unknown}
Books
 b - an Akashic Record

   Spells                             Type                      Level
   a - Dispersal                      Translocation                6
   b - Malign Gateway                 Summoning/Translocation      7
   c - Disjunction                    Translocation                8
   d - Controlled Blink               Translocation                8
 C - the Compendium of Shifting Flight
   (You found it on level 5 of the Dungeon)

   Spells                             Type                      Level
   a - Sticks to Snakes               Transmutation                2
   b - Passwall                       Transmutation/Earth          2
   c - Mephitic Cloud                 Conjuration/Poison/Air       3
   d - Irradiate                      Conjuration/Transmutation    5
   e - Yara's Violent Unravelling     Hexes/Transmutation          5
Comestibles
 f - 2 bread rations
 g - 4 meat rations
 j - 4 beef jerkies
 E - a royal jelly
 K - 6 fruits


   Skills:
 + Level 6.0(1.0) Fighting
 + Level 7.1(2.0) Axes
 - Level 1.7(0.0) Throwing
 + Level 4.7(0.0) Armour
 - Level 2.6(0.0) Dodging
 - Level 1.4(0.0) Stealth
 * Level 4.0(0.0) Invocations


You had 7 spell levels left.
You didn't know any spells.

Dungeon Overview and Level Annotations

Branches:
Dungeon (7/15)             Temple (0/1) D:6

Altars:
Gozag
Makhleb
Trog
Vehumet
Xom

Shops:
D:4 [


Innate Abilities, Weirdness & Mutations

You have razor-sharp toenails.
You are partially covered in rough black scales (AC +4, Dex -1).
A weak demonic guardian rushes to your aid.
You are slightly more attuned to the shadows.


Message History

The sky beast barely misses you.
The killer bee stings you but does no damage.
The killer bee closely misses you.
The killer bee stings you but does no damage.
The orc completely misses you.
* * * LOW HITPOINT WARNING * * *
You feel very sick. The killer bee closely misses you.
The killer bee stings you but does no damage.
The killer bee barely misses you.
The killer bee stings you but does no damage.
The orc completely misses you.
The killer bee stings you but does no damage.
The sky beast closely misses you.
The killer bee stings you but does no damage.
The killer bee misses you.
The killer bee stings you but does no damage.
* * * LOW HITPOINT WARNING * * *
You feel sick. The killer bee stings you.
You die... .... #.# #.# #........ #.# #....... #.# #...... #.# #..... #.# #yo{.# .. #§# #yyy#

... #§#
#@y###... #.#
#oY....... #.#
#o(........
#.#
##.........
#.#
####........
#.#
#..........#
#.#
#........#####
#.#
#............#
#..
####.........#
#..


You could see a sky beast, 5 killer bees and 3 orcs.

Vanquished Creatures
  Grinder (D:6)
  A water moccasin (D:6)
  2 ogres
  A centaur (D:5)
  A wyvern zombie (D:7)
  A giant frog (D:7)
  A scorpion (D:6)
  5 wights (D:7)
  2 crimson imps (D:5)
  A jelly (D:5)
  3 orc wizards
  A giant frog skeleton (D:4)
  2 hounds
  An orc priest (D:3)
  2 iguanas
  Natasha (thrice) (D:4)
  2 worker ants
  4 gnolls (D:5)
  A howler monkey skeleton (D:4)
  10 adders
  2 oozes (D:2)
  An adder skeleton (D:4)
  4 worms
  5 dart slugs
  2 giant geckos
  24 orcs
  4 giant cockroaches
  4 goblins
  6 hobgoblins
  6 jackals
  10 kobolds
  5 quokkas
  3 ball pythons
  10 bats
  6 giant newts
  A jackal skeleton (D:6)
  A jackal zombie (D:5)
  7 rats
146 creatures vanquished.

Vanquished Creatures (collateral kills)
  2 giant frogs
  3 orcs
5 creatures vanquished.

Vanquished Creatures (others)
  A bush (D:5)
1 creature vanquished.

Grand Total: 152 creatures vanquished

Notes
Turn   | Place    | Note
--------------------------------------------------------------
     0 | D:1      | manyhoops the Demonspawn Gladiator began the quest for the Orb.
     0 | D:1      | Reached XP level 1. HP: 16/16 MP: 1/1
   418 | D:1      | Reached skill level 3 in Axes
   426 | D:1      | Gained mutation: You have sharp toenails. [demonic ancestry]
   426 | D:1      | Reached XP level 2. HP: 6/22 MP: 2/2
   720 | D:1      | Reached skill level 1 in Armour
  1105 | D:1      | Gained mutation: You have razor-sharp toenails. [demonic ancestry]
  1105 | D:1      | Reached XP level 3. HP: 28/28 MP: 3/3
  1672 | D:2      | Reached XP level 4. HP: 34/34 MP: 4/4
  1691 | D:2      | Found an opulent altar of Gozag.
  2375 | D:3      | Gained mutation: You are partially covered in rough black scales (AC +4, Dex -1). [demonic ancestry]
  2375 | D:3      | Reached XP level 5. HP: 30/41 MP: 5/5
  2548 | D:3      | Reached skill level 1 in Stealth
  2785 | D:3      | Reached skill level 4 in Axes
  2943 | D:3      | Found a shimmering altar of Xom.
  3131 | D:4      | Noticed Natasha
  3141 | D:4      | Killed Natasha
  3469 | D:4      | Noticed Natasha
  3479 | D:4      | Killed Natasha
  3479 | D:4      | Reached XP level 6. HP: 42/47 MP: 6/6
  3526 | D:4      | Found a burning altar of Makhleb.
  3526 | D:4      | Found an opulent altar of Gozag.
  3598 | D:4      | Became a worshipper of Makhleb the Destroyer
  3640 | D:4      | Found a bloodstained altar of Trog.
  3731 | D:4      | Noticed Natasha
  3738 | D:4      | Killed Natasha
  3930 | D:4      | Found Pinubub's Armour Boutique.
  4004 | D:5      | Entered Level 5 of the Dungeon
  4080 | D:5      | Got a pitted scale mail
  4092 | D:5      | Identified the +5 scale mail "Faunui" {Regen+ MP+9 Str-4 Int+5} (You found it on level 5 of the Dungeon)
  4133 | D:5      | Reached * piety under Makhleb
  4225 | D:5      | Gained mutation: A weak demonic guardian rushes to your aid. [demonic ancestry]
  4225 | D:5      | Reached XP level 7. HP: 54/54 MP: 7/7
  4230 | D:5      | Identified the Compendium of Shifting Flight
  4270 | D:5      | Reached skill level 5 in Axes
  4360 | D:5      | Reached skill level 1 in Invocations
  4905 | D:6      | Found a staircase to the Ecumenical Temple.
  4933 | D:6      | Noticed Grinder
  4941 | D:6      | Paralysed by Grinder for 6 turns
  4964 | D:6      | Killed Grinder
  4964 | D:6      | Reached skill level 5 in Fighting
  4987 | D:6      | Gained mutation: You are slightly more attuned to the shadows. [demonic ancestry]
  4987 | D:6      | Reached XP level 8. HP: 55/62 MP: 9/9
  5070 | D:6      | Reached skill level 6 in Axes
  5137 | D:6      | Reached ** piety under Makhleb
  5577 | D:7      | Found a radiant altar of Vehumet.
  5717 | D:7      | Reached skill level 7 in Axes
  6277 | D:7      | HP: 2/64 [poisoned by a killer bee]
  6278 | D:7      | Slain by a killer bee

Skill      XL: |  1  2  3  4  5  6  7  8 |
---------------+-------------------------+-----
Axes           | 3 4 5 7 |  7.1
Armour         | 1 2 3 4 |  4.7
Fighting       | 3 4 5 6 |  6.0
Stealth        | 1 |  1.4
Invocations    | 2 4 |  4.0
Throwing       | |  1.7
Dodging        | |  2.6

Action                   |  1- 3 |  4- 6 |  7- 9 || total
-------------------------+-------+-------+-------++-------
Melee: War axe           |   118 |   252 |   291 ||   661
       Kick              |    11 |    70 |    81 ||   162
  Use: Scroll            |     2 |     2 |     1 ||     5
 Stab: Sleeping          |     1 |       |       ||     1
  Eat: Chunk             |     2 |     5 |     4 ||    11
       Bread ration      |       |     1 |     1 ||     2
Armor: Leather armour    |    26 |       |       ||    26
       Ring mail         |    39 |    23 |       ||    62
       Scale mail        |       |   132 |   275 ||   407
Dodge: Dodged            |    82 |   144 |   178 ||   404
